 Dungeon Crawl Stone Soup version 0.27-a0-1081-ge8a0a9c698 (webtiles) character file.

Game seed: 7863471363868172769

4404 pokeman the Thaumaturge (level 10, -4/56 HPs)
             Began as a Deep Elf Hedge Wizard on Apr 25, 2021.
             Was a Believer of Vehumet.
             Killed from afar by an acid dragon (8 damage)
             ... with a splash of acid
             ... on level 8 of the Dungeon.
             The game lasted 00:30:07 (11219 turns).

pokeman the Thaumaturge (Deep Elf Hedge Wizard)    Turns: 11219, Time: 00:30:08

Health: -4/56      AC:  7    Str:  7    XL:     10   Next: 14%
Magic:  10/28      EV: 27    Int: 23    God:    Vehumet [**....]
Gold:   281        SH:  0    Dex: 14    Spells: 22/34 levels left

rFire    + . .     SeeInvis .   u - +8 dagger "Peapae" {vorpal, rF+}
rCold    . . .     Faith    .   (no shield)
rNeg     . . .     Spirit   .   s - +0 leather armour
rPois    .         Reflect  .   o - +0 helmet
rElec    .         Harm     .   b - +0 cloak
rCorr    .         Rampage  .   z - +0 pair of gloves
Will     ++...                  E - +0 pair of boots
Stlth    ++........             y - amulet of the acrobat
HPRegen  0.18/turn              i - ring of wizardry
MPRegen  0.21/turn              I - ring of willpower

@: acrobatic
A: no striking features
a: Renounce Religion


You were on level 8 of the Dungeon.
You worshipped Vehumet.
Vehumet was pleased with you.
You visited 1 branch of the dungeon, and saw 8 of its levels.

You collected 437 gold pieces.
You spent 156 gold pieces at shops.

Inventory:

Hand Weapons
 u - the +8 dagger "Peapae" (weapon) {vorpal, rF+}
   (You found it on level 4 of the Dungeon)

   It inflicts extra damage upon your enemies.
   It protects you from fire.
 C - a +2 hand crossbow of flaming
 G - a +0 shortbow
 K - a +4 spear of venom
Missiles
 e - 131 arrows
 n - 31 bolts
Armour
 b - a +0 cloak (worn)
 j - a +0 kite shield
 o - a +0 helmet (worn)
 s - a +0 leather armour (worn)
 z - a +0 pair of gloves (worn)
 E - a +0 pair of boots (worn)
Magical Staves
 J - a staff of conjuration
Jewellery
 d - an amulet of guardian spirit
 i - a ring of wizardry (left hand)
 y - an amulet of the acrobat (around neck)
 I - a ring of willpower (right hand)
Wands
 q - a wand of acid (20)
 A - a wand of mindburst (9)
Scrolls
 a - 9 scrolls of identify {unknown}
 c - 2 scrolls of vulnerability {unknown}
 f - 2 scrolls of immolation {unknown}
 g - a scroll of noise {unknown}
 h - a scroll of brand weapon {unknown}
 k - 3 scrolls of amnesia {unknown}
 l - 2 scrolls of enchant weapon {unknown}
 t - 2 scrolls of fog {unknown}
 v - 3 scrolls of magic mapping {unknown}
 D - a scroll of teleportation {unknown}
 F - a scroll of fear {unknown}
 H - 3 scrolls of torment {unknown}
Potions
 m - a potion of curing
 p - 2 potions of attraction {unknown}
 r - 4 potions of mutation {unknown}
 w - a potion of lignification {unknown}
 x - 3 potions of heal wounds {unknown}
 B - 2 potions of invisibility


   Skills:
 - Level 4.0 Fighting
 - Level 3.0 Armour
 - Level 3.0 Dodging
 - Level 3.0 Stealth
 + Level 0.9 Shields
 * Level 12.5 Spellcasting
 + Level 7.2 Conjurations
 - Level 1.1 Summonings
 - Level 1.1 Translocations
 + Level 6.4 Fire Magic
 - Level 1.0 Air Magic
 - Level 1.1 Poison Magic
 - Level 1.0 Evocations


You had 22 spell levels left.
You knew the following spells:

 Your Spells              Type           Power      Damage    Failure   Level
a - Magic Dart            Conj           100%       1d8       1%          1
b - Mephitic Cloud        Conj/Pois/Air  28%        N/A       2%          3
c - Call Imp              Summ           19%        N/A       2%          2
d - Blink                 Tloc           N/A        N/A       2%          2
e - Conjure Flame         Conj/Fire      45%        6-21      1%          3
f - Foxfire               Conj/Fire      100%       2x1d9     1%          1

Your spell library contained the following spells:

 Spells                   Type           Power      Damage    Failure   Level
 Sandblast                Erth           28%        2d8       2%          1
 Animate Skeleton         Necr           28%        N/A       2%          1
 Freeze                   Ice            56%        1d7       2%          1
 Pain                     Necr           56%        1d6       2%          1
 Slow                     Hex            14%        N/A       4%          2
 Gell's Gravitas          Tloc           9%         N/A       4%          3
 Hailstorm                Conj/Ice       31%        3d8       6%          4
 Confusing Touch          Hex            14%        N/A       8%          3
 Frozen Ramparts          Ice            28%        1d4       8%          3
 Ozocubu's Armour         Ice            14%        N/A       8%          3
 Vampiric Draining        Necr           7%         2d7       8%          3
 Animate Dead             Necr           7%         N/A       26%         4
 Petrify                  Tmut/Erth      14%        N/A       26%         4
 Agony                    Necr           14%        N/A       54%         5
 Metabolic Englaciation   Hex/Ice        7%         N/A       54%         5
 Yara's Violent Unravell  Hex/Tmut       7%         3d5       54%         5


Dungeon Overview and Level Annotations

Branches:
Dungeon (8/15)             Temple (0/1) D:5
   Lair: D:8-11

Altars:
Gozag
Hepliaklqana
Trog
Vehumet
Wu Jian
Xom

Shops:
D:2 [*(?   D:3 *

Annotations:
D:7 1 runed translucent door, tinescath's ghost, novice PaFi


Message History

Casting: Blink (safe; 2% risk of failure)
Confirm with . or Enter, or press ? or * to list all spells.
You blink.
The two-headed ogre hits you with a +0 giant club!! x2
Casting: Blink (safe; 2% risk of failure)
Confirm with . or Enter, or press ? or * to list all spells.
You blink.
The deep elf pyromancer gestures wildly.
The deep elf pyromancer laughs crazily.
Things that are here:
a +0 ring mail; a +2 short sword of venom
Things that are here:
a +0 spear; a +0 halberd
Casting: Blink (safe; 2% risk of failure)
Confirm with . or Enter, or press ? or * to list all spells.
Aiming: Mephitic Cloud (dangerous; 2% risk of failure)
Press: ? - help, Shift-Dir - straight line, f - gnoll
Aim: a gnoll, wielding a +0 halberd (chance to affect: 91%)
The ball explodes into a vile cloud!
The stinking cloud engulfs the gnoll but does no damage.
You hear a roar!
Unknown command.
Unknown command.
The gnoll is engulfed in noxious fumes.
The gnoll appears confused.
An acid dragon comes into view.
The gnoll is engulfed in noxious fumes.
The gnoll falls into the water!
The gnoll drowns.
Vehumet accepts your kill.
You hear a splash. x2
Casting: Mephitic Cloud (dangerous; 2% risk of failure)
Confirm with . or Enter, or press ? or * to list all spells.
You blink.
The acid dragon spits acid at you. The splash of acid hits you!
* * * LOW HITPOINT WARNING * * *
You are splashed with acid!
* * * LOW HITPOINT WARNING * * *
The acid dragon spits acid at you. The splash of acid hits you!
You die...

.. . ###. .... . .. ... ... .
... .. .... .# ..§.
.#####..###.
.....##.....##......#......
.(..............##.........#
#......##...###........[##
.#..♣♣..##..@##......§....#
#...♣♣...D....##.○........###
#.............#...°.[.......
#......_..≈≈..#...........>
#..##.°...≈≈O.#..<..)...#.#
#..##...°.....#.......[.#.###
##.....≈≈..).####...........#
.#.....≈≈....##..............
...........)###......†e......


You could see a two-headed ogre and an acid dragon (catching breath).

Vanquished Creatures
  Joseph (D:7)
  A tengu conjurer (D:8)
  A yak (D:8)
  4 humans (D:7)
  2 steam dragons
  3 vampire mosquitoes
  2 water moccasins
  An ice beast (D:8)
  An orc warrior (D:6)
  2 black bears
  A hornet zombie (D:7)
  2 necrophages
  3 centaurs (D:7)
  2 bullfrogs
  2 kobold brigands (D:7)
  3 gnoll sergeants (D:8)
  A scorpion (D:4)
  A howler monkey (D:7)
  2 hounds (D:5)
  3 jellies
  A centaur skeleton (D:7)
  An orc priest (D:5)
  2 gnoll shamans
  Terence (D:2)
  4 iguanas
  An orc wizard (D:5)
  Ijyb (D:4)
  A statue (D:4)
  A hound skeleton (D:4)
  Robin (D:4)
  A howler monkey zombie (D:7)
  7 adders
  21 gnolls
  A white imp (D:7)
  An ufetubus (D:4)
  An adder skeleton (D:4)
  3 worms
  13 dart slugs
  17 orcs
  14 bats
  13 endoplasms
  2 giant cockroaches
  18 goblins
  5 hobgoblins
  8 quokkas
  8 ball pythons
  5 frilled lizards
  24 kobolds
  14 rats
  A foxfire (D:8)
229 creatures vanquished.

Vanquished Creatures (collateral kills)
  A water moccasin (D:7)
1 creature vanquished.

Vanquished Creatures (others)
  209 foxfires
  4 fungi (D:3)
  6 plants (D:1)
  7 toadstools (D:3)
226 creatures vanquished.

Grand Total: 456 creatures vanquished

Notes
Turn   | Place    | Note
-------+----------+-------------------------------------------
     0 | D:1      | pokeman the Deep Elf Hedge Wizard began the quest for the
                  | Orb.
     0 | D:1      | Reached XP level 1. HP: 10/10 MP: 7/7
   314 | D:1      | Reached XP level 2. HP: 16/16 MP: 5/9
   364 | D:1      | Found a faded altar of an unknown god.
   761 | D:1      | Reached skill level 5 in Spellcasting
  1027 | D:2      | Found Jimeh's Antique Armour Boutique.
  1037 | D:2      | Reached XP level 3. HP: 20/20 MP: 2/11
  1041 | D:2      | Learned a level 3 spell: Mephitic Cloud
  1044 | D:2      | Learned a level 2 spell: Call Imp
  1047 | D:2      | Learned a level 2 spell: Blink
  1051 | D:2      | Learned a level 3 spell: Conjure Flame
  1145 | D:2      | Found Qicoom's General Store.
  1308 | D:2      | Found Jydd's Antique Weapon Shoppe.
  1332 | D:2      | Found a hazy altar of Hepliaklqana.
  1633 | D:2      | Found Faimner's Magic Scroll Emporium.
  1683 | D:2      | Reached skill level 1 in Fighting
  1849 | D:2      | Noticed Terence
  1862 | D:2      | Killed Terence
  1863 | D:2      | Reached skill level 1 in Armour
  1863 | D:2      | Reached XP level 4. HP: 25/25 MP: 3/13
  2732 | D:3      | Reached skill level 1 in Fire Magic
  2769 | D:2      | HP: 1/25 [poisoned by an adder]
  2774 | D:2      | Reached skill level 6 in Spellcasting
  2774 | D:2      | Reached XP level 5. HP: 11/29 MP: 1/15
  3495 | D:3      | Found Johak's Assorted Antiques.
  3963 | D:3      | Reached skill level 1 in Air Magic
  4236 | D:4      | Noticed Ijyb
  4248 | D:4      | Killed Ijyb
  4249 | D:4      | Reached XP level 6. HP: 34/34 MP: 14/17
  4294 | D:4      | Noticed Robin
  4306 | D:4      | Killed Robin
  4687 | D:4      | Found an opulent altar of Gozag.
  4735 | D:4      | Reached skill level 1 in Poison Magic
  4904 | D:4      | Reached skill level 7 in Spellcasting
  5296 | D:4      | Noticed a moth of wrath
  5298 | D:4      | Found a bloodstained altar of Trog.
  5319 | D:4      | Identified the +8 dagger "Peapae" {vorpal, rF+}
  5422 | D:4      | Found a radiant altar of Vehumet.
  5569 | D:4      | Became a worshipper of Vehumet
  5761 | D:4      | Reached XP level 7. HP: 35/39 MP: 11/20
  6021 | D:5      | Entered Level 5 of the Dungeon
  6173 | D:5      | Reached skill level 8 in Spellcasting
  6615 | D:5      | Found a staircase to the Ecumenical Temple.
  6629 | D:5      | You fall into a shaft and drop 1 floor!
  6984 | D:5      | Reached * piety under Vehumet
  6984 | D:5      | Offered knowledge of Foxfire by Vehumet.
  7004 | D:5      | Learned a level 1 spell: Foxfire
  7494 | D:3      | Bought a runed hand crossbow for 156 gold pieces
  7556 | D:6      | Reached skill level 9 in Spellcasting
  7556 | D:6      | Reached XP level 8. HP: 31/44 MP: 12/23
  7708 | D:6      | Reached skill level 1 in Evocations
  8435 | D:7      | Reached skill level 5 in Conjurations
  8783 | D:7      | Found a runed translucent door.
  8783 | D:7      | Found a shimmering altar of Xom.
  8783 | D:7      | Noticed tinescath's ghost (novice PaFi)
  8784 | D:7      | Noticed a +1 trident of chaos
  8819 | D:7      | Reached skill level 10 in Spellcasting
  9221 | D:7      | Reached XP level 9. HP: 49/49 MP: 20/25
  9291 | D:7      | Noticed Joseph
  9307 | D:7      | Killed Joseph
  9686 | D:7      | Reached skill level 11 in Spellcasting
  9686 | D:7      | Reached skill level 5 in Fire Magic
  9941 | D:7      | Offered knowledge of Sandblast by Vehumet.
  9945 | D:7      | Reached ** piety under Vehumet
 10513 | D:8      | Found an ornate altar of the Wu Jian Council.
 10539 | D:8      | Reached skill level 12 in Spellcasting
 10628 | D:8      | Noticed a deep elf pyromancer
 11046 | D:8      | Noticed a tengu conjurer
 11061 | D:8      | Reached XP level 10. HP: 56/56 MP: 12/28
 11072 | D:8      | Noticed a two-headed ogre
 11219 | D:8      | Killed from afar by an acid dragon

Illustrated notes

Levels and vault maps discovered:
D:1:      scummos_arrival_checkerplants, layout_basic, serial_bayou,
          serial_bayou_pond_e, serial_bayou_lagoon_a, serial_bayou_pond_d,
          serial_bayou_pond_e, shapermc_ecumenical_altar_venn,
          minmay_misc_feat_square
D:2:      minmay_angry_zag, layout_loops_ring, serial_shops, shop, shop_statue,
          shop_fountains, shop, basic_altar, uniq_terence
D:3:      cheibrodos_fertilizer, layout_rooms, serial_shops, shop, minmay_vboxes
D:4:      black_bear_nest_2, layout_loops_corners, vehumet_statue, tgw_trog,
          nicolae_gozag_cash_rules_everything_around_me, minivault_26,
          kennysheep_diamond, uniq_ijyb, uniq_robin
D:5:      kennysheep_slugbush, layout_loops_ring, temple_doors_cd, serial_glass,
          glass_columns_a, glass_columns_a, glass_columns_b
D:6:      layout_basic, grunt_decor_cap
D:7:      layout_loops_ring, ebering_ghost_xom, minmay_ruffians, uniq_joseph
D:8:      minmay_the_grid_octo_triangle [minmay_the_grid_octo_odd_swirl,
          minmay_the_grid_octo_prize_square_snowflake,
          minmay_the_grid_octo_horde], layout_cave_pools,
          nicolae_wu_jian_wuxing_cycle, marbit_many_paths, okawaru_humans,
          gammafunk_ghost_hydra_chop, uniq_harold

Skill      XL: |  1  2  3  4  5  6  7  8  9 |
---------------+----------------------------+-----
Spellcasting   | 5 6 7 9 10 12 | 12.5
Fighting       | 1 2 4 |  4.0
Armour         | 1 2 3 |  3.0
Conjurations   | 2 3 4 5 7 |  7.2
Dodging        | 3 |  3.0
Fire Magic     | 1 2 3 4 6 |  6.4
Stealth        | 3 |  3.0
Air Magic      | 1 |  1.0
Poison Magic   | 1 |  1.1
Evocations     | 1 |  1.0
Shields        | |  0.9
Summonings     | |  1.1
Translocations | |  1.1

Action                   |  1- 3 |  4- 6 |  7- 9 | 10-12 || total
-------------------------+-------+-------+-------+-------++-------
Melee: Dagger            |     3 |     5 |   113 |     1 ||   122
       Short sword       |     1 |    57 |       |       ||    58
 Cast: Magic Dart        |    90 |   187 |    88 |       ||   365
       Mephitic Cloud    |     1 |     9 |    37 |     4 ||    51
       Conjure Flame     |     1 |     4 |    17 |       ||    22
       Call Imp          |       |     2 |     6 |       ||     8
       Blink             |       |     2 |    10 |     4 ||    16
       Foxfire           |       |       |    99 |    19 ||   118
  Use: Potion            |       |     3 |       |       ||     3
 Stab: Confused          |     1 |     3 |    15 |       ||    19
Armor: Robe              |    10 |    21 |       |       ||    31
       Leather armour    |       |    12 |    30 |       ||    42
Dodge: Dodged            |    18 |    73 |    66 |       ||   157

Table legend: (Time is in decaauts)
 A = Elapsed time spent in this place.
 B = Non-inter-level travel time spent in this place.
 C = Inter-level travel time spent in this place.
 D = Time resting spent in this place.
 E = Time spent auto-exploring this place.
 F = Levels seen in this place.
 G = Mean time per level.
                   A        B        C        D        E       F      G
               +--------+--------+--------+--------+--------+-----+--------+
         Total |  11264 |  10813 |    451 |   2106 |   7051 |   8 | 1408.0 |
       Dungeon |  11264 |  10813 |    451 |   2106 |   7051 |   8 | 1408.0 |
               +--------+--------+--------+--------+--------+-----+--------+

Top non-repeatable levels by time:
     D:2: 2034 daAuts
     D:7: 1929 daAuts
     D:4: 1918 daAuts
     D:5: 1434 daAuts
     D:3: 1125 daAuts
     D:6: 1090 daAuts
     D:1: 1046 daAuts
     D:8: 685 daAuts
